 Dungeon Crawl Stone Soup version 0.20-a0-823-gdec668e (webtiles) character file.

63 Brand the Vexing (level 3, -3/16 HPs)
             Began as a Spriggan Enchanter on Mar 5, 2017.
             Was an Initiate of Dithmenos.
             Killed from afar by a kobold (18 damage)
             ... with a wand of acid (?/15)
             ... on level 3 of the Dungeon.
             The game lasted 00:04:30 (2352 turns).

Brand the Vexing (Spriggan Enchanter)               Turns: 2352, Time: 00:04:31

Health: -3/16      AC:  2    Str:  4    XL:     3   Next: 87%
Magic:  7/9        EV: 18    Int: 17    God:    Dithmenos [......]
Gold:   85         SH:  0    Dex: 16    Spells: 1/10 levels left

rFire    . . .     SeeInvis +   a - +1 dagger
rCold    + . .     Gourm    .   b - +0 robe
rNeg     . . .     Faith    .   (shield restricted)
rPois    .         Spirit   .   (helmet restricted)
rElec    .         Reflect  .   (no cloak)
rCorr    .         Harm     .   (gloves unavailable)
MR       .....                  (boots unavailable)
Stlth    +++.......             (no amulet)
Regen    0.1/turn               (no ring)
MPRegen  0.2/turn               f - ring of protection from cold

@: very quick
A: unfitting armour, see invisible, herbivore 3, speed 3, slow metabolism 2
a: Renounce Religion


You were on level 3 of the Dungeon.
You worshipped Dithmenos.
Dithmenos was noncommittal.
You were not hungry.

You visited 1 branch of the dungeon, and saw 3 of its levels.

You collected 85 gold pieces.

Inventory:

Hand Weapons
 a - a +1 dagger (weapon)
Armour
 b - a +0 robe (worn)
Jewellery
 f - a ring of protection from cold (left hand)
Potions
 h - a potion of heal wounds {unknown}
 i - 2 potions of resistance
 j - a potion of cancellation {unknown}
 k - a potion of ambrosia {unknown}
 o - a potion of brilliance
Books
 c - a book of Maledictions

   Spells                             Type                      Level
   a - Corona                         Hexes                        1
   b - Ensorcelled Hibernation        Hexes/Ice                    2
   c - Confuse                        Hexes                        3
   d - Tukima's Dance                 Hexes                        3
   e - Dazzling Spray                 Conjuration/Hexes            3
Comestibles
 d - 3 bread rations
 l - 6 fruits
 n - a royal jelly


   Skills:
 - Level 1.1 Short Blades
 - Level 3.0 Dodging
 - Level 4.4 Stealth
 + Level 4.2 Spellcasting
 + Level 4.8 Hexes


You had one spell level left.
You knew the following spells:

 Your Spells              Type           Power        Failure   Level  Hunger
a - Ensorcelled Hibernat  Hex/Ice        ##....       12%         2    ##.....
b - Corona                Hex            ###....      2%          1    None
c - Confuse               Hex            ###.....     10%         3    ###....
d - Tukima's Dance        Hex            ###.....     10%         3    ###....


Dungeon Overview and Level Annotations

Branches:
Dungeon (3/15)

Altars:
Dithmenos
Fedhas
Hepliaklqana
Qazlal
Uskayaw
Vehumet
The Shining One


Innate Abilities, Weirdness & Mutations

You are very small and have problems with some larger weapons.
You are too small for most types of armour.
You have supernaturally acute eyesight. (SInv)
You are a herbivore.
You cover ground extremely quickly.
You need consume almost no food.


Message History

As you read the scroll labeled LETTESH RAEBAU, it crumbles to dust.
Dithmenos forgives your accidental fire-starting, just this once.
The air around you briefly surges with heat, but it dissipates.
It was a scroll of immolation.
d - 3 bread rations (gained 1)
You now have 76 gold pieces (gained 13).
Found a scale mail.
You now have 85 gold pieces (gained 9).
An adder and a kobold come into view.
The adder hisses angrily.
The kobold shouts!
The kobold misses you.
Casting: Ensorcelled Hibernation
Confirm with . or Enter, or press ? or * to list all spells.
Aiming: Ensorcelled Hibernation
Press: ? - help, Shift-Dir - straight line, f - adder
Aim: an adder (chance to defeat MR: 50%)
The adder resists with some effort.
The adder bites you.
The kobold zaps a wand.
The bolt of acid hits you!
Ouch! That really hurt!
You die...

######### ###.......#
.........# #.......#
#.......# #...SK..###.
##### #...@....... #....
##...###.########.###
.....##.###.#...........
#.## #..#...#.######.###
#.##.....#.........
#.###.##.........##
#.....####.###....#
##########.# #.#...
........######.#


You could see an adder and a kobold.

Vanquished Creatures
  2 adders (D:2)
  A worm (D:2)
  2 dart slugs
  A leopard gecko (D:2)
  An orc (D:2)
  A ball python (D:1)
  4 bats
  2 giant cockroaches (D:1)
  3 goblins
  4 hobgoblins
  2 jackals (D:1)
  5 kobolds
  2 frilled lizards (D:2)
  5 rats
35 creatures vanquished.

Notes
Turn   | Place    | Note
-------+----------+-------------------------------------------
     0 | D:1      | Brand the Spriggan Enchanter began the quest for the Orb.
     0 | D:1      | Reached XP level 1. HP: 9/9 MP: 5/5
   329 | D:1      | Reached XP level 2. HP: 12/13 MP: 7/7
   333 | D:1      | Learned a level 2 spell: Ensorcelled Hibernation
   450 | D:1      | Found a glowing golden altar of the Shining One.
  1359 | D:2      | Found a radiant altar of Vehumet.
  1368 | D:2      | Reached XP level 3. HP: 16/16 MP: 9/9
  1373 | D:2      | Learned a level 3 spell: Confuse
  1377 | D:2      | Learned a level 3 spell: Tukima's Dance
  1420 | D:2      | Found a hide-covered altar of Uskayaw.
  1621 | D:2      | Found a hazy altar of Hepliaklqana.
  1668 | D:2      | Found a shadowy altar of Dithmenos.
  1824 | D:2      | Became a worshipper of Dithmenos the Shadowed
  1829 | D:2      | Found a stormy altar of Qazlal.
  1834 | D:2      | Found a blossoming altar of Fedhas.
  2352 | D:3      | Killed from afar by a kobold

Vault maps used:
D:1:      nagdon_arrival_zigzag_paths, tso_altar
D:2:      grunt_temple_overflow_forces_of_nature, fiery_altar_vehumet,
          eat_drink_and_be_merry_uskayaw, overflow_temple_1_default,
          nicolae_dithmenos_shadow_blocks
D:3:      overflow_temple_1_default

Skill      XL: |  1  2  3 |
---------------+----------+-----
Spellcasting   | 3 4 |  4.2
Hexes          | 4 |  4.8
Short Blades   | |  1.1
Dodging        | |  3.0
Stealth        | |  4.4

Action                   || total
-------------------------++-------
Melee: Dagger            ||   103
 Cast: Corona            ||     5
       Ensorcelled Hiber ||    18
  Use: Scroll            ||     5
 Stab: Sleeping          ||    20
Armor: Robe              ||    12
Dodge: Dodged            ||    83
